 Dungeon Crawl Stone Soup version 0.26.1-2-gb8aa6d0cf2 (webtiles) character file.

Game seed: 3044664729515840520

5642 sking99 the Cleaver (level 10, -1/90 HPs)
             Began as a Hill Orc Fighter on Feb 21, 2021.
             Was a Believer of Qazlal.
             Killed from afar by an electric eel (6 damage)
             ... with a bolt of electricity
             ... on level 8 of the Dungeon.
             The game lasted 00:19:47 (11739 turns).

sking99 the Cleaver (Hill Orc Fighter)             Turns: 11739, Time: 00:19:48

Health: -1/90      AC: 18    Str: 23    XL:     10   Next: 74%
Magic:  14/14      EV:  5    Int:  8    God:    Qazlal [**....]
Gold:   572        SH: 14    Dex: 10    Spells: 9/9 levels left

rFire    . . .     SeeInvis .   a - +1 war axe
rCold    . . .     Faith    .   c - +0 kite shield
rNeg     . . .     Spirit   .   o - +0 plate armour
rPois    .         Reflect  .   (no helmet)
rElec    .         Harm     .   (no cloak)
rCorr    .         Rampage  .   s - +2 pair of gloves
Will     .....                  n - +0 pair of boots
Stlth    ..........             (no amulet)
HPRegen  0.25/turn              (no ring)
MPRegen  0.14/turn              (no ring)

@: no status effects
A: no striking features
a: Renounce Religion, Upheaval


You were on level 8 of the Dungeon.
You worshipped Qazlal.
Qazlal was pleased with you.
You visited 2 branches of the dungeon, and saw 9 of its levels.
You also visited: Sewer.

You collected 572 gold pieces.

Inventory:

Hand Weapons
 a - a +1 war axe (weapon)
Missiles
 x - a throwing net (quivered)
 y - 52 poisoned darts
Armour
 c - a +0 kite shield (worn)
 n - a +0 pair of boots (worn)
 o - a +0 plate armour (worn)
 s - a +2 pair of gloves (worn)
Jewellery
 C - an uncursed ring of fire
 F - an uncursed ring of ice
Wands
 h - a wand of digging (7)
 E - a wand of acid (18)
 H - a wand of random effects (19)
 I - a wand of iceblast (10)
 J - a wand of enslavement (10)
Scrolls
 e - a scroll of enchant weapon
 f - 6 scrolls of teleportation
 g - 3 scrolls of enchant armour
 i - 9 scrolls of remove curse
 j - 2 scrolls of fear
 k - 3 scrolls of blinking
 v - a scroll of amnesia
 w - a scroll of fog
Potions
 b - a potion of haste
 d - 5 potions of might
 l - 3 potions of magic
 m - 2 potions of lignification
 p - 6 potions of curing
 q - 2 potions of heal wounds
 r - a potion of attraction
 u - 3 potions of degeneration
 z - a potion of cancellation
 A - a potion of resistance
 B - a potion of brilliance
 D - 2 potions of flight
 G - a potion of invisibility


   Skills:
 + Level 8.9 Fighting
 * Level 12.3 Axes
 + Level 8.1 Armour
 + Level 8.2 Shields
 + Level 5.5 Invocations


You had 9 spell levels left.
You didn't know any spells.
Your spell library was empty.

Dungeon Overview and Level Annotations

Branches:
Dungeon (8/15)             Temple (1/1) D:6           Sewer (visited)
   Lair: D:8-11

Altars:
Ashenzari
Cheibriados
Dithmenos
Elyvilon
Fedhas
Gozag
Hepliaklqana
Kikubaaqudgha
Makhleb
Nemelex Xobeh
Okawaru
Qazlal
Ru
Sif Muna
Trog
Uskayaw
Vehumet
Wu Jian
Xom
Yredelemnul
Zin
The Shining One


Message History

The electric eel is almost dead.
The electric eel shoots out a bolt of lightning at you!
The bolt of electricity hits you! x2
* * * LOW HITPOINT WARNING * * *
The bolt of electricity hits the electric eel.
The electric eel completely resists.
Okay, then.
The electric eel shoots out a bolt of lightning at you!
The bolt of electricity hits you.
* * * LOW HITPOINT WARNING * * *
You barely miss the electric eel.
The electric eel is almost dead.
The electric eel shoots out a bolt of lightning at you!
The bolt of electricity hits you!
* * * LOW HITPOINT WARNING * * *
You closely miss the electric eel.
The electric eel is almost dead.
The electric eel shoots out a bolt of lightning at you!
The bolt of electricity hits you.
You die...

...# #.# ##.######
#.#...... ##.# #.#
#.# #.....##. ##.#
#.# #.# ##....#..
##.###.#
#.##########..#....
.......#
#.............###..
##.#####
#[.##########.# ##.
#.# ##..# #.# ##
##.# ####''#### #.#
...# ##≈≈;@.≈≈≈##
#)# ####
##≈≈≈≈..≈≈≈≈##
#.#####
#≈≈≈≈≈..≈≈≈≈≈#
#.#.... ####
#≈≈≈≈≈≈..≈≈≈≈≈≈#
#.#.### ...#
≈≈≈≈≈≈≈..≈≈≈≈≈≈≈
#.#.### ##.####
≈≈≈≈≈≈≈..≈≈≈≈≈≈≈
#...... ......#
≈≈≈≈≈≈≈..≈≈≈≈≈≈≈
#...#.# ##.##.#
≈≈≈≈≈≈#..#≈≈≈≈≈≈
#...#.# ##.##.##
≈≈≈≈≈≈.##.≈≈≈≈≈
#......


You could see an electric eel.

Vanquished Creatures
  2 two-headed ogres (D:8)
  A troll (D:8)
  Prince Ribbit (D:5)
  Duvessa (D:7)
  Purgy (Sewer)
  2 orc warriors
  3 ice beasts (D:8)
  3 phantoms
  5 ogres
  2 centaurs
  A big kobold (D:8)
  5 bullfrogs
  Dowan (D:7)
  5 scorpions
  5 killer bees (D:8)
  2 howler monkeys (D:8)
  5 wights (D:7)
  2 electric eels (D:8)
  A centaur zombie (D:7)
  7 hounds
  2 jellies
  An orc priest (D:7)
  A bullfrog skeleton (D:8)
  2 iguanas
  7 orc wizards
  5 worker ants
  A worker ant zombie (D:8)
  7 gnolls
  A howler monkey skeleton (D:4)
  A river rat (D:4)
  11 adders
  2 white imps
  4 ufetubi
  5 oozes
  A worm (D:3)
  4 dart slugs
  5 leopard geckos
  18 orcs
  9 bats
  11 giant cockroaches
  15 goblins
  7 hobgoblins
  5 jackals
  8 kobolds
  7 quokkas
  4 ball pythons
  5 frilled lizards
  2 leopard gecko skeletons
  A leopard gecko zombie (D:8)
  17 rats
224 creatures vanquished.

Vanquished Creatures (others)
  A bullfrog zombie (D:8)
1 creature vanquished.

Grand Total: 225 creatures vanquished

Notes
Turn   | Place    | Note
-------+----------+-------------------------------------------
     0 | D:1      | sking99 the Hill Orc Fighter began the quest for the Orb.
     0 | D:1      | Reached XP level 1. HP: 19/19 MP: 1/1
     1 | D:1      | Found a runed translucent door.
   277 | D:1      | Reached skill level 3 in Axes
   378 | D:1      | Reached XP level 2. HP: 18/27 MP: 2/2
  1019 | D:1      | Reached XP level 3. HP: 33/33 MP: 3/3
  1341 | D:2      | Reached skill level 4 in Axes
  1367 | D:2      | Reached XP level 4. HP: 39/40 MP: 4/4
  2195 | D:3      | Reached XP level 5. HP: 47/47 MP: 5/5
  2382 | D:3      | Reached skill level 5 in Axes
  3330 | D:4      | Reached XP level 6. HP: 44/53 MP: 6/6
  3632 | D:4      | Found a glowing drain.
  3643 | Sewer    | Entered a sewer
  3749 | Sewer    | Noticed Purgy
  3762 | Sewer    | Killed Purgy
  3763 | Sewer    | Reached skill level 5 in Fighting
  3763 | Sewer    | Reached skill level 6 in Axes
  4154 | D:4      | Reached XP level 7. HP: 49/61 MP: 7/7
  4377 | D:4      | Reached skill level 5 in Armour
  4377 | D:4      | Reached skill level 5 in Shields
  4487 | D:4      | Reached skill level 7 in Axes
  4670 | D:5      | Entered Level 5 of the Dungeon
  4760 | D:5      | Found a glowing golden altar of the Shining One.
  4811 | D:5      | Reached XP level 8. HP: 68/70 MP: 8/8
  4873 | D:5      | Reached skill level 8 in Axes
  5060 | D:5      | Noticed Prince Ribbit
  5249 | D:5      | Killed Prince Ribbit
  5777 | D:6      | Found a staircase to the Ecumenical Temple.
  5786 | Temple   | Entered the Ecumenical Temple
  5991 | Temple   | Became a worshipper of Qazlal Stormbringer
  6053 | D:6      | Reached skill level 9 in Axes
  6389 | D:6      | Found a stormy altar of Qazlal.
  6392 | D:6      | Noticed an air elemental
  6392 | D:6      | Noticed a water elemental
  6603 | D:7      | Reached XP level 9. HP: 75/78 MP: 9/9
  6695 | D:7      | Reached skill level 1 in Invocations
  6739 | D:7      | Reached skill level 10 in Axes
  7260 | D:7      | Noticed Duvessa
  7261 | D:7      | Noticed Dowan
  7279 | D:7      | Killed Duvessa
  7280 | D:7      | Killed Dowan
  7731 | D:7      | Reached * piety under Qazlal
  8050 | D:7      | Found a sacrificial altar of Ru.
  8467 | D:8      | Found a glowing silver altar of Zin.
  8580 | D:8      | Reached skill level 11 in Axes
  8904 | D:8      | Noticed a two-headed ogre
  8918 | D:8      | Killed a two-headed ogre
  8919 | D:8      | Reached XP level 10. HP: 41/89 MP: 11/13
  9090 | D:8      | Noticed a two-headed ogre
  9102 | D:8      | Killed a two-headed ogre
  9135 | D:8      | Reached skill level 12 in Axes
  9251 | D:8      | Reached skill level 5 in Invocations
  9595 | D:8      | Reached ** piety under Qazlal
  9781 | D:8      | Found an ornate altar of the Wu Jian Council.
  9781 | D:8      | Found a shimmering blue altar of Sif Muna.
 10235 | D:8      | HP: 4/90 [troll (6)]
 10235 | D:8      | HP: 1/90 [troll (3)]
 11739 | D:8      | Killed from afar by an electric eel

Illustrated notes

Levels and vault maps discovered:
D:1:      dpeg_arrival_caged_fury, layout_basic, st_stairs_6,
          minmay_misc_feat_five
D:2:      kennysheep_the_goblin_king, layout_basic,
          minmay_misc_feat_secret_circle, minmay_misc_feat_square
D:3:      layout_basic
D:4:      layout_loops_corners, cheibrodos_sewer_entry_sluice
D:5:      layout_cave_pods, old_standard_altar, grunt_decor_fettered,
          minivault_1, uniq_prince_ribbit1
D:6:      layout_loops_cross, temple_green, nicolae_qazlal_style_of_elements
D:7:      layout_layer_cave, nicolae_overflow_hidden_temple, uniq_duvessa
D:8:      kennysheep_big_flooded_room, layout_loops_corners, old_standard_altar,
          gammafunk_temple_overflow_elements
Temple:   minmay_crystal_spiral_temple

Skill      XL: |  1  2  3  4  5  6  7  8  9 10 |
---------------+-------------------------------+-----
Axes           | 3 4 5 6 7 9 11 12 | 12.3
Fighting       | 4 5 6 8 |  8.9
Shields        | 4 5 6 7 8 |  8.2
Armour         | 4 5 6 7 8 |  8.1
Invocations    | 4 5 |  5.5

Action                   |  1- 3 |  4- 6 |  7- 9 | 10-12 || total
-------------------------+-------+-------+-------+-------++-------
Melee: War axe           |   108 |   246 |   349 |   162 ||   865
Throw: Throwing net      |       |       |     1 |       ||     1
  Use: Scroll            |       |    12 |    13 |       ||    25
       Potion            |       |       |     1 |     1 ||     2
Armor: Scale mail        |    50 |    25 |       |       ||    75
       Plate armour      |       |   132 |   189 |    70 ||   391
Dodge: Dodged            |    34 |    53 |    57 |    19 ||   163
Block: Kite shield       |    65 |   117 |   182 |    99 ||   463
